 Dungeon Crawl Stone Soup version 0.19.0-18-g426998a (webtiles) character file.

67 Bluestream the Sneak (level 3, -6/16 HPs)
             Began as a Spriggan Enchanter on Nov 12, 2016.
             Killed by nerve-wracking pain
             ... invoked by Grinder
              (8 damage)
             ... on level 2 of the Dungeon.
             The game lasted 00:08:08 (2874 turns).

Bluestream the Sneak (Spriggan Enchanter)           Turns: 2874, Time: 00:08:08

Health: -6/16      AC:  3    Str:  5    XL:     3   Next: 98%
Magic:  8/8        EV: 19    Int: 16    God:
Gold:   34         SH:  0    Dex: 16    Spells: 3 memorised, 2 levels left

rFire  . . .     SeeInvis +     a - +1 dagger
rCold  . . .     Gourm    .     b - +1 robe
rNeg   . . .     Faith    .     (shield restricted)
rPois  .         Spirit   .     (helmet restricted)
rElec  .         Reflect  .     (no cloak)
rCorr  .         Harm     .     (gloves unavailable)
MR     .....                    (boots unavailable)
Stlth  +++.......               (no amulet)
                                (no ring)
                                (no ring)

@: very quick
A: unfitting armour, see invisible, herbivore 3, speed 3, slow metabolism 2
a: no special abilities


You were on level 2 of the Dungeon.
You were not hungry.

You visited 1 branch of the dungeon, and saw 3 of its levels.

You collected 34 gold pieces.

Inventory:

Hand Weapons
 a - a +1 dagger (weapon)
Armour
 b - a +1 robe (worn)
 i - a +0 pair of gloves
Scrolls
 e - a scroll of noise {unknown}
 g - 2 scrolls of remove curse {unknown}
 h - 3 scrolls of teleportation {unknown}
 k - a scroll of fear {unknown}
 m - 2 scrolls of identify {unknown}
 n - a scroll of enchant weapon {unknown}
 o - a scroll of random uselessness {unknown}
Potions
 f - a potion of ambrosia {unknown}
 l - a potion of haste {unknown}
 p - a potion of heal wounds {unknown}
 q - a potion of magic {unknown}
Books
 c - a book of Maledictions

   Spells                             Type                      Level
   a - Corona                         Hexes                        1
   b - Ensorcelled Hibernation        Hexes/Ice                    2
   c - Confuse                        Hexes                        3
   d - Tukima's Dance                 Hexes                        3
   e - Dazzling Spray                 Conjuration/Hexes            3
Comestibles
 d - 2 bread rations


   Skills:
 + Level 1.8 Short Blades
 + Level 3.6 Dodging
 + Level 5.2 Stealth
 + Level 3.3 Spellcasting
 + Level 4.4 Hexes


You had 2 spell levels left.
You knew the following spells:

 Your Spells              Type           Power        Failure   Level  Hunger
a - Corona                Hex            ###....      3%          1    None
b - Ensorcelled Hibernat  Hex/Ice        #.....       12%         2    ##.....
c - Confuse               Hex            ###.....     12%         3    ###....


Dungeon Overview and Level Annotations

Branches:
Dungeon (3/15)

Altars:

Annotations:
D:2 Grinder


Innate Abilities, Weirdness & Mutations

You are very small and have problems with some larger weapons.
You are too small for most types of armour.
You have supernaturally acute eyesight. (SInv)
You are a herbivore.
You cover ground extremely quickly.
You need consume almost no food.


Message History

You barely miss Grinder.
Grinder shouts!
Grinder is lightly wounded.
Grinder gestures at you. Pain shoots through your body!
Ouch! That really hurt!
* * * LOW HITPOINT WARNING * * *
Grinder zaps a wand.
You hear a grinding noise.
Grinder gestures at you.
You suddenly lose the ability to move!
Grinder says, "FISH!"
Grinder zaps a wand.
Some rock shatters into small pieces.
You can move again.
You start eating the slice of pizza.
Yeuchh!
Pepperoni.
Grinder gestures at you. Pain shoots through your body!
Ouch! That really hurt!
You die...

.#..# #...('......# #....#. ..#.#
#....###..#.###### #..#.#. ....#
#....##........(.# #..#.#. ....##
#....##..5.......###..#.#.
..#..###.#####..........'....#.#.
.'#.#.##.# #..........##.#.#.#.
.......#.# #..........##.#...#.
......#..# #......##.###.#.###.
......##.## #..@...# ## #.#.....
...>..##..# #......# #.####..
......##.#. #......# #.# #..
......##'## #......# #.####..
..........####......######...)...
.............'......'............
..........####......#############
.)....##### #......# #######
#......#


You could see Grinder.

Vanquished Creatures
  An adder (D:2)
  3 dart slugs
  5 giant cockroaches (D:1)
  5 goblins
  7 hobgoblins
  6 jackals
  9 kobolds
  2 bats (D:2)
  5 frilled lizards
  5 rats
48 creatures vanquished.

Notes
Turn   | Place    | Note
-------+----------+-------------------------------------------
     0 | D:1      | Bluestream the Spriggan Enchanter began the quest for the Orb.
     0 | D:1      | Reached XP level 1. HP: 9/9 MP: 5/5
   294 | D:1      | Reached XP level 2. HP: 10/13 MP: 6/6
   349 | D:1      | Learned a level 2 spell: Ensorcelled Hibernation
   890 | D:1      | Reached XP level 3. HP: 16/16 MP: 5/8
   920 | D:1      | Reached skill level 5 in Stealth
  2403 | D:3      | Noticed Grinder
  2406 | D:3      | Paralysed by Grinder for 4 turns
  2554 | D:2      | Learned a level 3 spell: Confuse
  2866 | D:2      | Paralysed by Grinder for 3 turns
  2874 | D:2      | Killed from afar by Grinder

Skill      XL: |  1  2  3 |
---------------+----------+-----
Spellcasting   | 3 |  3.3
Hexes          | 4 |  4.4
Stealth        | 5 |  5.2
Short Blades   | |  1.8
Dodging        | |  3.6

Action                   || total
-------------------------++-------
Melee: Dagger            ||   150
 Cast: Ensorcelled Hiber ||    29
       Confuse           ||     4
       Corona            ||     1
 Stab: Distracted        ||     2
       Sleeping          ||    27
       Confused          ||     2
  Eat: Pizza             ||     1
Armor: Robe              ||    15
Dodge: Dodged            ||   115
